 Dungeon Crawl Stone Soup version 0.17-a0-2002-g92c7e20 (webtiles) character file.

64390 brucemayne the Bludgeoner (level 14, -1/192 HPs)
             Began as a Troll Berserker on Oct 8, 2015.
             Was an Elder of Trog.
             Slain by a deep elf blademaster
             ... wielding a +0 rapier
              (6 damage)
             ... on level 3 of the Elven Halls.
             The game lasted 01:15:16 (12923 turns).

brucemayne the Bludgeoner (Troll Berserker)        Turns: 12923, Time: 01:15:17

Health: -1/192     AC:  9    Str: 31    XL:     14   Next: 71%
Magic:  22/22      EV:  9    Int:  6    God:    Trog [****..]
Gold:   205        SH: 12    Dex: 10    Spells: 0 memorised, 13 levels left

rFire  + + .     SeeInvis .     U - +11 mace of the Original Sin {drain, rF++ Str+3}
rCold  + + .     Clarity  .     A - +1 robe {MR+}
rNeg   + + .     SustAt   +     k - +2 shield {AC+3}
rPois  +         Gourm    +     (helmet restricted)
rElec  .         Spirit   .     l - +0 cloak {+Inv}
rCorr  .         Warding  .     (gloves unavailable)
rMut   .         Stasis   .     (boots unavailable)
MR     ++...                    (no amulet)
Stlth  ..........               u - ring of Xom's Bemusement {SustAt rPois rN++ MP+9 Str-5}
                                e - ring of stealth

@: mighty, berserking, very slightly contaminated, hasted, very quick, very
resistant to hostile enchantments, extremely unstealthy
A: unfitting armour, claws 3, cold resistance 2, deformed body, fast metabolism
3, gourmand, regeneration 2, screaming 1, shaggy fur 1, tough skin 2, no device
heal 1
a: Burn Spellbooks, Berserk, Trog's Hand, Brothers in Arms, Renounce Religion,
Evoke Invisibility


You were on level 3 of the Elven Halls.
You worshipped Trog.
Trog was greatly pleased with you.
You were hungry.

You visited 4 branches of the dungeon, and saw 27 of its levels.
You also visited: Labyrinth and Bailey.

You collected 1363 gold pieces.
You spent 1158 gold pieces at shops.

Inventory:

Hand Weapons
 j - a +4 dire flail of protection
 n - a +2 giant spiked club
 v - the +4 great mace "Nolu" {crush, Int+4}
   (You took it off an orc on level 11 of the Dungeon)

   It inflicts extra damage upon your enemies.
   It affects your intelligence (+4).
 x - a +0 flail of protection
 y - a +2 broad axe of chopping
 D - a +1 vampiric battleaxe
 U - the +11 mace of the Original Sin (weapon) {drain, rF++ Str+3}
   (You found it on level 2 of the Elven Halls)

   A truly terrible weapon, it drains the life of those it strikes.
   It affects your strength (+3).
   It greatly protects you from fire.
Missiles
 c - 4 needles of sleeping
 d - 159 stones (quivered)
 t - a throwing net
 z - 22 tomahawks
Armour
 k - a +2 shield of protection (worn)
 l - a +0 cloak of invisibility (worn)
 q - a +0 large shield
 A - a +1 robe of magic resistance (worn)
 K - a +0 cloak
Rods
 G - a +2 rod of shadows (14/14)
   (You found it in a labyrinth)
Jewellery
 e - a ring of stealth (left claw)
 u - the ring of Xom's Bemusement (right claw) {SustAt rPois rN++ MP+9 Str-5}
   (You found it on level 8 of the Lair of Beasts)

   [ring of sustain attributes]

   It sustains your strength, intelligence and dexterity.
   It affects your strength (-5).
   It protects you from poison.
   It greatly protects you from negative energy.
   It affects your magic capacity (+9).
Wands
 f - a wand of frost (29)
 g - a wand of fire (8)
 r - a wand of frost (14)
 B - a wand of cold (10)
 C - a wand of enslavement (15)
 F - a wand of teleportation (5)
 J - a wand of hasting (3)
 M - a wand of flame (18)
 P - a wand of digging (0)
 Q - a wand of enslavement (3)
 T - a wand of polymorph (13)
 Z - a wand of lightning (5)
Scrolls
 h - 9 scrolls of remove curse
 o - 3 scrolls of immolation
 w - 2 scrolls of enchant armour
 E - a scroll of recharging
 N - a scroll of blinking
 O - a scroll of fog
 R - a scroll of noise
Potions
 a - a potion of might
 i - 3 potions of curing
 s - a potion of ambrosia
 I - 2 potions of agility
 L - a potion of heal wounds
 X - a potion of invisibility
 Y - a potion of mutation
Books
 b - a book of Enchantments

   Spells                             Type                      Level
   a - Cause Fear                     Hexes                        4
   b - Silence                        Hexes/Air                    5
   c - Deflect Missiles               Charms/Air                   6
   d - Haste                          Charms                       6
   e - Discord                        Hexes                        8
   Trog disapproves of the use of such an item.
Miscellaneous
 p - a fan of gales
 H - a lantern of shadows
Comestibles
 m - 4 bread rations
 S - 4 chunks of flesh


   Skills:
 - Level 5.8 Fighting
 - Level 20.6 Maces & Flails
 - Level 2.4 Dodging
 + Level 5.9 Shields


You had 13 spell levels left.
You didn't know any spells.

Dungeon Overview and Level Annotations

Branches:
Dungeon (12/15)              Lair (8/8) D:11         Shoals (0/4) Lair:5
 Spider (0/4) Lair:5        Slime (0/6) Lair:8          Orc (4/4) D:11
    Elf (3/3) Orc:4
 Temple: D:4-7

Altars:
Elyvilon
Gozag
Qazlal
Ru
The Shining One
Beogh

Shops:
D:6 [   Orc:4 %?[(   Elf:1 *[[   Elf:3 %[!

Annotations:
D:11 Uberwunderbarhen's ghost, journeyman OpFi


Innate Abilities, Weirdness & Mutations

You are too large for most types of armour.
You have claws for hands.
Your metabolism is lightning-fast.
You like to eat raw meat.
You heal very quickly.
You are covered in fur (AC +1).
You have very tough skin (AC +2).
Your flesh is very cold resistant.
Armour fits poorly on your strangely shaped body.
You occasionally shout uncontrollably at your foes.
Potions and wands are less effective at restoring your health.


Message History

You feel yourself moving faster!
You feel mighty!
You feel somewhat more hungry.
The deep elf blademaster hits you with a rapier!
* * * LOW HITPOINT WARNING * * *
The deep elf blademaster hits you but does no damage.
You thump the deep elf blademaster!
The deep elf blademaster is almost dead.
You miss the deep elf blademaster.
The deep elf blademaster is almost dead.
The deep elf blademaster hits you with a rapier!
* * * LOW HITPOINT WARNING * * *
The deep elf blademaster hits you with a rapier!
* * * LOW HITPOINT WARNING * * *
You closely miss the deep elf blademaster.
The deep elf blademaster is almost dead.
You are feeling hungry.
The deep elf blademaster hits you with a rapier.
* * * LOW HITPOINT WARNING * * *
The deep elf blademaster hits you with a rapier.
You die...

.e. #.#
###.#
####.#.#
#.#.##.#
#.#@#e#
##e##.#
##.#.#
##e}#
#[## #.#
#.# #.#
#.#
#####


You could see a deep elf blademaster.

Vanquished Creatures
  Maud (Lair:8)
  2 orc warlords
  Aizul (Elf:3)
  A deep elf sorcerer (Elf:1)
  A deep elf annihilator (Elf:3)
  A deep elf demonologist (Elf:3)
  4 dire elephants (Lair:8)
  Snorg (Lair:6)
  A minotaur (Lab)
  2 hydras
  4 death yaks (Lair:7)
  An anaconda (Lair:8)
  7 deep elf knights
  4 deep elf summoners
  A giant orange brain (D:11)
  A wizard (Elf:1)
  6 deep elf conjurers
  2 griffons
  2 orc sorcerers
  4 orc knights
  2 ugly things
  A siren (Lair:5)
  4 elephants (Lair:8)
  A black mamba (Lair:5)
  2 torpor snails (Lair:8)
  6 spiny frogs
  6 komodo dragons
  3 fire drakes
  4 deep elf priests
  A troll (Orc:4)
  A tengu conjurer (Elf:1)
  8 blink frogs
  A polar bear (D:9)
  A two-headed ogre (D:9)
  14 deep elf magi
  13 deep elf fighters
  2 wyverns
  40 yaks
  A basilisk (Lair:5)
  2 hippogriffs (Lair:1)
  12 wolves
  12 water moccasins
  A warg (Orc:4)
  5 porcupines
  28 orc warriors
  2 sky beasts
  2 black bears
  2 ice beasts
  A boggart (Elf:1)
  8 ogres
  A necrophage (D:9)
  2 phantoms
  4 crocodiles
  4 brain worms (D:11)
  10 giant frogs
  An electric eel (D:10)
  A killer bee (D:12)
  5 crimson imps
  A giant frog zombie (D:8)
  3 hounds
  21 orc wizards
  20 orc priests
  3 jellies
  4 iguanas
  3 worker ants
  A killer bee zombie (D:11)
  8 sheep (Lair:2)
  A hound skeleton (D:7)
  A worker ant zombie (D:8)
  4 adders
  11 gnolls
  40 river rats
  A white imp (D:9)
  3 oozes (Lair:8)
  An adder skeleton (D:7)
  A worm (D:3)
  2 giant geckos
  154 orcs
  A giant cockroach (D:7)
  2 hobgoblins
  4 jackals (D:11)
  2 quokkas
  A giant newt (D:3)
  A goblin (D:3)
  A rat (D:3)
  A bush (Lair:1)
  4 plants
561 creatures vanquished.

Vanquished Creatures (collateral kills)
  2 dire elephants (Lair:8)
  A hydra (Lair:6)
  A death yak (Lair:7)
  An orc high priest (Orc:4)
  An orc sorcerer (Orc:4)
  A siren (Lair:5)
  A spiny frog (Lair:6)
  A merfolk (Lair:5)
  A hippogriff (Lair:8)
  7 orc warriors (Orc:4)
  An orc priest (Orc:4)
  An orc wizard (Orc:4)
  4 river rats (Lair:7)
  4 orcs (Orc:4)
27 creatures vanquished.

Vanquished Creatures (others)
  A deep elf fighter (Elf:3)
  20 fungi
  8 plants
29 creatures vanquished.

Grand Total: 617 creatures vanquished

Notes
Turn   | Place    | Note
--------------------------------------------------------------
     0 | D:1      | brucemayne the Troll Berserker began the quest for the Orb.
     0 | D:1      | Reached XP level 1. HP: 22/22 MP: 0/0
   212 | D:3      | Reached skill level 3 in Maces & Flails
   212 | D:3      | Reached XP level 2. HP: 22/29 MP: 1/1
   264 | D:3      | Found an opulent altar of Gozag.
   323 | D:5      | Entered Level 5 of the Dungeon
   376 | D:5      | Reached skill level 4 in Maces & Flails
   376 | D:5      | Reached XP level 3. HP: 28/36 MP: 2/2
   385 | D:5      | Reached XP level 4. HP: 36/44 MP: 3/3
   398 | D:6      | Found Viofiem's Antique Armour Boutique.
   399 | D:6      | Noticed a water moccasin
   409 | D:6      | Reached skill level 5 in Maces & Flails
   452 | D:6      | Found a sacrificial altar of Ru.
   452 | D:6      | Noticed an ogre
   461 | D:6      | Killed an ogre
   461 | D:6      | Reached XP level 5. HP: 42/50 MP: 4/4
   505 | D:6      | Found a white marble altar of Elyvilon.
   544 | D:6      | Reached skill level 6 in Maces & Flails
   609 | D:6      | Reached XP level 6. HP: 12/59 MP: 5/5
   731 | D:6      | Acquired Trog's second power
   752 | D:6      | Found a glowing golden altar of the Shining One.
   793 | D:6      | Reached skill level 7 in Maces & Flails
   831 | D:6      | Killed a water moccasin
   831 | D:6      | Reached XP level 7. HP: 65/66 MP: 6/6
   926 | D:7      | Reached skill level 8 in Maces & Flails
  1154 | D:7      | Found a flagged portal.
  1164 | Bailey   | Entered a bailey
  1276 | D:8      | Noticed a wyvern
  1286 | D:8      | Killed a wyvern
  1286 | D:8      | Reached skill level 9 in Maces & Flails
  1286 | D:8      | Reached XP level 8. HP: 74/74 MP: 7/7
  1394 | D:9      | Noticed a two-headed ogre
  1402 | D:9      | Killed a two-headed ogre
  1402 | D:9      | Reached skill level 10 in Maces & Flails
  1547 | D:10     | Entered Level 10 of the Dungeon
  1626 | D:9      | Noticed a polar bear
  1636 | D:9      | Killed a polar bear
  1636 | D:9      | Reached skill level 11 in Maces & Flails
  1636 | D:9      | Reached XP level 9. HP: 71/79 MP: 8/8
  2066 | D:11     | Noticed a brown ugly thing
  2070 | D:11     | Noticed Uberwunderbarhen's ghost (journeyman OpFi)
  2112 | D:10     | Reached skill level 12 in Maces & Flails
  2180 | D:10     | Gained mutation: Potions and wands are less effective at restoring your health. [mutagenic meat]
  2224 | D:9      | Found a stormy altar of Qazlal.
  2458 | D:12     | Noticed a purple ugly thing
  2470 | D:12     | Killed a purple ugly thing
  2511 | D:11     | Got a smoking great mace {crush}
  2517 | D:11     | Identified the +4 great mace "Nolu" {crush, Int+4} (You took it off an orc on level 11 of the Dungeon)
  2555 | D:11     | Found a staircase to the Orcish Mines.
  2585 | Orc:1    | Entered Level 1 of the Orcish Mines
  2598 | Orc:1    | Acquired Trog's third power
  2651 | Orc:1    | Reached skill level 13 in Maces & Flails
  2661 | Orc:1    | Reached XP level 10. HP: 87/87 MP: 9/9
  2712 | Orc:2    | Noticed an orc sorcerer
  2783 | Orc:2    | Killed an orc sorcerer
  2968 | Orc:4    | Entered Level 4 of the Orcish Mines
  3227 | Orc:2    | Received a gift from Trog
  3352 | Orc:4    | Found a roughly hewn altar of Beogh.
  3389 | Orc:4    | Found Uriem's Food Boutique.
  3575 | Orc:4    | Found a staircase to the Elven Halls.
  3607 | Orc:4    | Found a roughly hewn altar of Beogh.
  3608 | Orc:4    | Noticed an orc sorcerer
  3688 | Orc:4    | Found Ovuvy's Magic Scroll Shoppe.
  3718 | Orc:4    | Reached skill level 14 in Maces & Flails
  3750 | Orc:4    | Killed an orc sorcerer
  3802 | Orc:4    | Bought a scroll of teleportation for 30 gold pieces
  3802 | Orc:4    | Bought a scroll of fear for 35 gold pieces
  3886 | Orc:4    | Found a roughly hewn altar of Beogh.
  4026 | Orc:4    | Reached skill level 5 in Fighting
  4031 | Orc:4    | Found a roughly hewn altar of Beogh.
  4125 | Orc:4    | Noticed an orc knight
  4151 | Orc:4    | Killed an orc knight
  4151 | Orc:4    | Reached XP level 11. HP: 103/103 MP: 10/10
  4193 | Orc:4    | Noticed an orc high priest
  4206 | Orc:4    | Killed an orc high priest
  4223 | Orc:4    | Noticed an orc warlord
  4242 | Orc:4    | Killed an orc warlord
  4365 | Orc:4    | Noticed an orc sorcerer
  4373 | Orc:4    | Killed an orc sorcerer
  4383 | Orc:4    | Found Urchaovorr's Antique Weapon Shop.
  4383 | Orc:4    | Found a roughly hewn altar of Beogh.
  4385 | Orc:4    | Found Aphet's Antique Armour Boutique.
  4397 | Orc:4    | Bought a glowing shield for 112 gold pieces
  4397 | Orc:4    | Bought a brightly glowing robe for 142 gold pieces
  4408 | Orc:4    | Identified the cursed -5 robe of Misfortune {-Cast *Contam *Tele EV-4 Str-2 Int-2 Dex-2 Stlth-- *Curse} (You bought it in a shop on level 4 of the Orcish Mines)
  4436 | Orc:4    | Gained mutation: Armour fits poorly on your strangely shaped body. [mutagenic glow]
  4532 | Orc:4    | Received a gift from Trog
  4647 | Orc:3    | Found a roughly hewn altar of Beogh.
  4813 | D:11     | Noticed a giant orange brain
  4820 | D:11     | Killed a giant orange brain
  4820 | D:11     | Reached skill level 15 in Maces & Flails
  4929 | D:11     | Killed a brown ugly thing
  4969 | D:11     | Gained mutation: Your flesh is cold resistant. [mutagenic meat]
  5021 | D:11     | Found a staircase to the Lair.
  5033 | Lair:1   | Entered Level 1 of the Lair of Beasts
  5163 | Lair:1   | Reached skill level 16 in Maces & Flails
  5515 | Lair:2   | Reached XP level 12. HP: 35/112 MP: 11/11
  5605 | Lair:2   | Found a labyrinth entrance.
  5614 | Lab      | Entered a labyrinth
  6331 | Lab      | Noticed a minotaur
  6343 | Lab      | Killed a minotaur
  6352 | Lab      | Identified the Tome of the Assorted Runes
  6357 | Lab      | Identified a +2 rod of shadows (14/14) (You found it in a labyrinth)
  6540 | Lair:3   | Received a gift from Trog
  6929 | Lair:5   | Found a hole to the Spider Nest.
  7073 | Lair:5   | Found a staircase to the Shoals.
  7085 | Lair:5   | Reached skill level 17 in Maces & Flails
  7088 | Lair:5   | Noticed a seven-headed hydra
  7099 | Lair:5   | HP: 8/168 [ten-headed hydra (11)]
  7100 | Lair:5   | Killed a ten-headed hydra
  7316 | Lair:6   | Noticed Snorg
  7416 | Lair:6   | Killed Snorg
  7593 | Lair:6   | Noticed a six-headed hydra
  7600 | Lair:6   | Killed a seven-headed hydra
  7759 | Lair:7   | Received a gift from Trog
  7814 | Lair:8   | Entered Level 8 of the Lair of Beasts
  7894 | Lair:7   | Noticed an eight-headed hydra
  7907 | Lair:8   | Noticed a six-headed hydra
  8113 | Lair:7   | Reached skill level 18 in Maces & Flails
  8480 | Lair:8   | Reached XP level 13. HP: 107/119 MP: 12/12
  8494 | Lair:8   | Found a staircase to the Slime Pits.
  8694 | Lair:8   | Noticed Maud
  9067 | Lair:8   | Killed a six-headed hydra
  9325 | Lair:8   | Noticed an anaconda
  9335 | Lair:8   | Killed an anaconda
  9377 | Lair:8   | Noticed a dire elephant
  9377 | Lair:8   | Noticed a dire elephant
  9388 | Lair:8   | Killed a dire elephant
  9388 | Lair:8   | Reached skill level 19 in Maces & Flails
  9392 | Lair:8   | Killed a dire elephant
  9412 | Lair:8   | Got a clouded brass ring
  9418 | Lair:8   | Identified the ring of Xom's Bemusement {SustAt rPois rN++ MP+9 Str-5} (You found it on level 8 of the Lair of Beasts)
  9431 | Lair:8   | Noticed a dire elephant
  9438 | Lair:8   | Killed a dire elephant
  9464 | Lair:8   | Noticed a dire elephant
  9482 | Lair:8   | Killed a dire elephant
  9523 | Lair:8   | Noticed a dire elephant
  9541 | Lair:8   | Killed a dire elephant
  9588 | Lair:8   | Noticed a dire elephant
  9596 | Lair:8   | Killed a dire elephant
  9793 | Lair:8   | Killed Maud
 10559 | Orc:4    | Noticed an orc knight
 10611 | Elf:1    | Entered Level 1 of the Elven Halls
 10689 | Elf:1    | Reached skill level 20 in Maces & Flails
 10771 | Elf:1    | Found Feof's General Store.
 10819 | Elf:1    | Reached XP level 14. HP: 77/127 MP: 13/13
 10855 | Elf:1    | Noticed an orc warlord
 10902 | Elf:1    | Killed an orc warlord
 10977 | Elf:1    | Found a roughly hewn altar of Beogh.
 10980 | Elf:1    | Bought 2 potions of agility for 120 gold pieces
 10980 | Elf:1    | Bought a scroll of recharging for 142 gold pieces
 11138 | Elf:1    | Found Levirofu's Antique Armour Boutique.
 11226 | Elf:1    | Found Aduxoz's Antique Armour Boutique.
 11234 | Elf:1    | Bought a glowing cloak for 157 gold pieces
 11282 | Elf:1    | Noticed a deep elf sorcerer
 11288 | Elf:1    | Killed a deep elf sorcerer
 11357 | Elf:1    | Received a gift from Trog
 11433 | Elf:3    | Entered Level 3 of the Elven Halls
 11596 | Elf:2    | Got a translucent mace
 11633 | Elf:2    | Identified the +11 mace of the Original Sin {drain, rF++ Str+3} (You found it on level 2 of the Elven Halls)
 11662 | Elf:3    | Found Eream's Armour Shoppe.
 11747 | Elf:3    | Reached skill level 1 in Shields
 11857 | Elf:3    | Noticed Aizul
 11885 | Elf:3    | Killed Aizul
 12057 | Elf:3    | Gained mutation: You occasionally shout uncontrollably at your foes. [potion of mutation]
 12057 | Elf:3    | Gained mutation: Your flesh is very cold resistant. [potion of mutation]
 12108 | Elf:3    | Found Pehoh's Distillery.
 12290 | Elf:3    | Bought a potion of might for 80 gold pieces
 12290 | Elf:3    | Bought a potion of heal wounds for 100 gold pieces
 12290 | Elf:3    | Bought a potion of might for 80 gold pieces
 12290 | Elf:3    | Bought a potion of invisibility for 160 gold pieces
 12342 | Elf:3    | Found Pipish's Food Emporium.
 12690 | Elf:3    | Reached skill level 5 in Shields
 12888 | Elf:3    | Noticed a deep elf blademaster
 12923 | Elf:3    | HP: 5/192 [deep elf blademaster/rapier (6)]
 12923 | Elf:3    | Slain by a deep elf blademaster

Vault maps used:
D:1:      dpeg_arrival_leaves_temple_mockup, minivault_14
D:2:      tgw_fedhas, lemuel_coloured_pillars_altar
D:3:      grunt_gozag_breadcrumbs, uniq_terence
D:4:      demons_altar, first_bread, hangedman_decor_points, kennysheep_path_1
D:5:      kennysheep_little_box, temple_pool_b
D:6:      lightli_temple_of_fire, grunt_temple_overflow_open, zin_treasury,
          serial_shops, kennysheep_mini, elyvilon_altar_1
D:7:      enter_bailey_2, serial_shops, nicolae_shop_overgrown_old_shop
D:8:      okawaru_altar_gauntlet_db
D:9:      grunt_qazlal_clouds, serial_shops, shop, serial_ice, serial_ice_i,
          serial_ice_f, serial_ice_m, serial_ice_e, serial_ice_o, serial_ice_c,
          uniq_pikel
D:10:     hangedman_tell_no_tales, serial_bayou_lagoon_b
D:11:     statuecave_lemuel, dpeg_oklobed_lair, orc_0_dummy, grunt_ministairs_6,
          minmay_brain_eaters
D:12:     basic_altar, corexii_corridor_pit
Lair:1:   lemuel_slime, basic_altar, minmay_hedge_maze
Lair:2:   wad_woods_minihive, lab_entry_generic, grunt_megastairs_4
Lair:3:   st_stairs_9
Lair:4:   serial_bayou_shore_b
Lair:5:   elwin_shoals_entry_stream, dummy_spider_entry
Lair:6:   grunt_megastairs_3, uniq_snorg
Lair:8:   due_jungle_book, nicolae_slime_entry_slimehenge,
          minmay_stone_trees_small, nicolae_lair_grove_arrangements, uniq_maud
Orc:3:    serial_shops, nicolae_shop_crystal, basic_altar,
          nicolae_orc_pool_cavern
Orc:4:    grunt_orc_community_town_hall, grunt_orc_community_big_house_1,
          grunt_orc_community_big_house_2, grunt_orc_community_house_2,
          grunt_orc_community_house_2, grunt_orc_community_house_3,
          grunt_orc_community_house_1, grunt_orc_community_house_1,
          grunt_orc_community_house_2
Elf:1:    elf_arrival_001, serial_shops, shop, shop, shop, special_room,
          hangedman_elf_disciples, uniq_azrael
Elf:2:    minmay_elf_demonology
Elf:3:    elf_hall, serial_shops, shop, shop, nicolae_shop_stone, uniq_aizul
Lab:      labyrinth_mini_lab
Bailey:   bailey_polearm_5, bailey

Action                   |  1- 3 |  4- 6 |  7- 9 | 10-12 | 13-15 || total
-------------------------+-------+-------+-------+-------+-------++-------
Melee: Mace              |    65 |    67 |    53 |       |   191 ||   376
       Flail             |       |       |    77 |       |       ||    77
       Giant club        |       |       |   138 |       |       ||   138
       Great mace        |       |       |    39 |   725 |   396 ||  1160
       Dire flail        |       |       |       |       |    46 ||    46
Invok: Berserk           |       |     6 |    10 |    20 |    15 ||    51
       Trog's Hand       |       |     2 |       |    12 |    12 ||    26
       Brothers in Arms  |       |       |       |     9 |     6 ||    15
Evoke: Wand              |       |       |     3 |     3 |     6 ||    12
  Use: Scroll            |       |     2 |     1 |    16 |     9 ||    28
       Potion            |       |       |       |     1 |     7 ||     8
 Stab: Sleeping          |       |       |       |     5 |     3 ||     8
       Distracted        |       |       |       |       |     2 ||     2
  Eat: Bread ration      |       |     1 |     3 |     1 |     1 ||     6
       Chunk             |       |     6 |    17 |    65 |    42 ||   130
       Meat ration       |       |       |       |     2 |     2 ||     4
       Beef jerky        |       |       |       |     1 |       ||     1
       Royal jelly       |       |       |       |       |     1 ||     1
